 Dungeon Crawl Stone Soup version 0.31.0-12-g77e489cdc1 (webtiles) character file.

Game seed: 5068438715590698481

295 hawla the Chopper (level 6, -1/51 HPs)
             Began as a Minotaur Fighter on Feb 20, 2024.
             Slain by a gnoll sergeant
             ... wielding a +2 vampiric spear
              (14 damage)
             ... on level 3 of the Dungeon.
             The game lasted 00:03:57 (1464 turns).

hawla the Chopper (Minotaur Fighter)                Turns: 1464, Time: 00:03:58

Health: -1/51      AC:  9    Str: 22    XL:     6   Next: 11%
Magic:  5/5        EV:  9    Int:  5    God:
Gold:   91         SH:  4    Dex: 10    Spells: 5/5 levels left

rFire   . . .        a - +0 war axe
rCold   . . .        c - +0 buckler
rNeg    . . .        b - +1 scale mail
rPois   .            (helmet restricted)
rElec   .            (no cloak)
rCorr   .            g - +0 pair of gloves
SInv    .            (no boots)
Will    .....        (no amulet) Stlth
                     (no ring)
HPRegen 0.28/turn    (no ring)
MPRegen 0.09/turn

%: no passive effects
@: no status effects
A: horns 2, retaliatory headbutt
a: no special abilities


You were on level 3 of the Dungeon.
You visited 1 branch of the dungeon, and saw 3 of its levels.

You collected 157 gold pieces.
You spent 66 gold pieces at shops.

Inventory:

Hand Weapons
 a - a +0 war axe (weapon)
Missiles
 o - a throwing net (quivered)
Armour
 b - a +1 scale mail (worn)
 c - a +0 buckler (worn)
 g - a +0 pair of gloves (worn)
Scrolls
 i - 7 scrolls of identify
Potions
 f - a potion of mutation {unknown}
 j - 2 potions of curing {unknown}
 l - a potion of cancellation {unknown}


   Skills:
 - Level 3.6 Fighting
 + Level 7.8 Axes
 - Level 3.6 Armour
 - Level 3.6 Shields


You had 5 spell levels left.
You didn't know any spells.
Your spell library was empty.

Dungeon Overview and Level Annotations

Branches:
Dungeon (3/15)

Altars:

Shops:
D:2 ?   D:3 (


Innate Abilities, Weirdness & Mutations

You have a pair of horns on your head.
You reflexively headbutt those who attack you in melee.


Message History

You feel your attacks grow feeble.
The gnoll bouda gazes fiercely through you!
You feel as though you will be weak longer.
There is a large open door here.
There's a creature in the doorway!
As you read the scroll labelled KENKAOL ITEXOPS, it crumbles to dust.
The creatures around you are filled with an inner flame!
It was a scroll of immolation.
The orc hits you but does no damage. You block the gnoll sergeant's attack.
As you read the scroll labelled OZEFIRU KANIABB, it crumbles to dust.
It is a scroll of enchant armour.
Your +0 scale mail glows green for a moment.
The orc hits you with a +0 flail.
The gnoll sergeant hits you but does no damage.
The gnoll sergeant attacks as it pursues you!
The gnoll sergeant hits you from afar with a +2 vampiric spear!
* * * LOW HITPOINT WARNING * * *
The gnoll sergeant draws strength from your wounds!
You see here a +0 short sword.
The gnoll is no longer moving quickly.
The gnoll sergeant is no longer moving quickly.
The gnoll bouda barks out a call to the hunt!
The gnolls pick up the pace!
Items here: ))) [ รท.
There is a large open door here.
Your attacks no longer feel as feeble.
Found a scroll labelled BUHOFE NOLAEKK.
The gnoll sergeant attacks as it pursues you!
The gnoll sergeant hits you from afar with a +2 vampiric spear.
* * * LOW HITPOINT WARNING * * *
The gnoll sergeant draws strength from your wounds!
The gnoll sergeant hits you from afar with a +2 vampiric spear.
* * * LOW HITPOINT WARNING * * *
The gnoll sergeant draws strength from your wounds!
The gnoll sergeant attacks as it pursues you!
The gnoll sergeant hits you but does no damage.
There is an open door here.
The gnoll sergeant attacks as it pursues you!
The gnoll sergeant hits you from afar with a +2 vampiric spear!
You die...

###.)).#.#....#..
#.##''#########..
#......)...oo)#..
#(...goo..#8..'..
#.##''##..#8..'..
###g...#...g..#8.
#.g....##########
###'#....+
#.@.###### #...#
#####


โ‰ˆโ‰ˆโ‰ˆ ~~~~ ?...h .P.... ####### You could see a gnoll sergeant (inner flame,
swift), a gnoll bouda (inner flame), a gnoll (inner flame, swift), 2 orcs and a
jackal (wandering).

Vanquished Creatures
  A howler monkey (D:3)
  2 gnoll boudas (D:3)
  A hound (D:3)
  Jessica (D:2)
  7 gnolls (D:3)
  An adder (D:2)
  11 orcs (D:3)
  3 endoplasms
  2 giant cockroaches
  2 goblins
  4 hobgoblins
  6 jackals (D:3)
  A kobold (D:2)
  3 quokkas
  6 ball pythons
  A frilled lizard (D:1)
  3 rats
55 creatures vanquished.

Notes
Turn   | Place    | Note
-------+----------+-------------------------------------------
     0 | D:1      | hawla the Minotaur Fighter began the quest for the Orb.
     0 | D:1      | Reached XP level 1. HP: 19/19 MP: 0/0
    73 | D:1      | Reached skill level 3 in Axes
   164 | D:1      | Reached XP level 2. HP: 26/26 MP: 1/1
   304 | D:1      | Found a faded altar of an unknown god.
   557 | D:2      | Reached skill level 4 in Axes
   640 | D:2      | Reached XP level 3. HP: 31/31 MP: 2/2
   656 | D:2      | Noticed Jessica
   660 | D:2      | Killed Jessica
   661 | D:2      | Reached skill level 5 in Axes
   784 | D:2      | Found Osauror's Magic Scroll Boutique.
   791 | D:2      | Bought a scroll of fear for 44 gold pieces
   791 | D:2      | Bought a scroll of identify for 22 gold pieces
  1029 | D:3      | Found Gaisan's Antique Weapon Emporium.
  1169 | D:3      | Reached XP level 4. HP: 37/39 MP: 3/3
  1263 | D:3      | Reached skill level 6 in Axes
  1291 | D:3      | Reached XP level 5. HP: 30/45 MP: 4/4
  1309 | D:3      | Reached skill level 7 in Axes
  1404 | D:3      | Reached XP level 6. HP: 44/51 MP: 5/5
  1436 | D:3      | Identified the +1 leather armour of Fanaticism {rF+++ rC-
                  | MP+9 Str-2}
  1464 | D:3      | Slain by a gnoll sergeant

Illustrated notes

Levels and vault maps discovered:
D:1:      lightli_iron_boxes, layout_basic, shapermc_ecumenical_altar_hornbeckon
D:2:      layout_rooms, serial_shops, shop, uniq_jessica
D:3:      lemuel_castle_with_subvaults [lemuel_castle_interior_carwin_2],
          layout_basic, serial_shops, nicolae_diamond_shop, minivault_27,
          minivault_5

Skill      XL: |  1  2  3  4  5 |
---------------+----------------+-----
Axes           | 3 4 5 6 7 |  7.8
Fighting       | |  3.6
Armour         | |  3.6
Shields        | |  3.6

Action                     |  1- 3 |  4- 6 || total
---------------------------+-------+-------++-------
  Melee: War axe           |    54 |    53 ||   107
         Headbutt          |    12 |    14 ||    26
    Use: Potion            |       |     3 ||     3
         Scroll            |       |     4 ||     4
 Armour: Scale mail        |    37 |    64 ||   101
  Dodge: Dodged            |    21 |    29 ||    50
  Block: Buckler           |    16 |    27 ||    43
